 Dungeon Crawl Stone Soup version 0.29.0-4-gdea44cf6ec (webtiles) character file.

Game seed: 10114134320112189934

481 quinnr the Destroyer (level 7, -7/38 HPs)
             Began as a Tengu Conjurer on Aug 27, 2022.
             Was an Initiate of Vehumet.
             Mangled by an ice beast (13 damage)
             ... on level 6 of the Dungeon.
             The game lasted 00:11:53 (5630 turns).

quinnr the Destroyer (Tengu Conjurer)               Turns: 5630, Time: 00:11:54

Health: -7/38      AC:  2    Str:  8    XL:     7   Next: 12%
Magic:  5/13       EV: 15    Int: 20    God:    Vehumet [......]
Gold:   259        SH:  0    Dex: 12    Spells: 3/13 levels left

rFire   . . .      SeeInvis .   v - +2 dagger (vamp)
rCold   . . .      Faith    .   (no shield)
rNeg    . . .      Spirit   .   a - +0 robe
rPois   .          Reflect  .   (helmet restricted)
rElec   .          Harm     .   (no cloak)
rCorr   .          Rampage  .   (no gloves)
Will    .....                   (boots unavailable)
Stlth   ++........              (no amulet)
HPRegen 0.12/turn               (no ring)
MPRegen 0.13/turn               (no ring)

@: flying quickly and evasively, quick
A: beak, talons 3, nimble flight
a: Renounce Religion


You were on level 6 of the Dungeon.
You worshipped Vehumet.
Vehumet was noncommittal.
You visited 2 branches of the dungeon, and saw 7 of its levels.

You collected 259 gold pieces.


Innate Abilities, Weirdness & Mutations

You have a beak for a mouth.
You have claws for feet.
Your magical nature lets you fly swiftly and evasively.


   Skills:
 - Level 1.0 Fighting
 - Level 3.0 Dodging
 - Level 2.0 Stealth
 + Level 3.5 Spellcasting
 * Level 9.2 Conjurations
 + Level 1.1 Hexes


You had 3 spell levels left.
You knew the following spells:

 Your Spells              Type           Power      Damage    Failure   Level
a - Magic Dart            Conj           100%       1d8       1%          1
d - Dazzling Flash        Conj/Hex       48%        N/A       4%          3
f - Fulminant Prism       Conj/Hex       12%        3d9       16%         4
s - Searing Ray           Conj           80%        2d7       1%          2

Your spell library contained the following spells:

 Spells                   Type           Power      Damage    Failure   Level
 Shock                    Conj/Air       84%        1d8       1%          1
 Apportation              Tloc           6%         N/A       14%         1
 Poisonous Vapours        Pois/Air       6%         N/A       21%         2
 Portal Projectile        Hex/Tloc       10%        N/A       32%         3
 Call Canine Familiar     Summ           3%         N/A       38%         3
 Swiftness                Air            3%         N/A       38%         3
 Iskenderun's Mystic Bla  Conj/Tloc      21%        2d6       21%         4
 Leda's Liquefaction      Hex/Erth       2%         N/A       71%         4
 Airstrike                Air            1%         2d(1-17)  80%         4
 Corpse Rot               Necr/Pois/Air  3%         N/A       80%         4
 Olgreb's Toxic Radiance  Pois           3%         N/A       80%         4
 Ozocubu's Refrigeration  Ice            1%         4d7       100%        7
 Ignition                 Fire           1%         3d3       100%        8

Inventory:

Hand Weapons
 o - a +0 sling
 v - a +2 vampiric dagger (weapon)
Missiles
 n - 4 poisoned darts
 r - 52 stones
Armour
 a - a +0 robe (worn)
 g - a +0 leather armour of positive energy
Wands
 z - a wand of light (10)
Scrolls
 c - 2 scrolls of teleportation {unknown}
 d - 2 scrolls of silence {unknown}
 f - 3 scrolls of fear {unknown}
 j - a scroll of enchant weapon {unknown}
 k - a scroll of enchant armour
 l - a scroll of vulnerability {unknown}
 m - a scroll of magic mapping
 q - a scroll of amnesia {unknown}
 s - a scroll of torment {unknown}
 y - a scroll of noise {unknown}
Potions
 b - a potion of magic
 e - a potion of attraction
 h - 3 potions of heal wounds {@q2}
 i - 3 potions of curing {@q1}
 p - a potion of haste {@q3}
 t - a potion of brilliance
 u - 2 potions of might
 w - a potion of lignification
 x - a potion of mutation

Dungeon Overview and Level Annotations

Branches:
Dungeon (6/15)             Temple (1/1) D:5

Altars:
Ashenzari
Cheibriados
Elyvilon
Fedhas
Gozag
Kikubaaqudgha
Makhleb
Nemelex Xobeh
Okawaru
Qazlal
Ru
Sif Muna
Vehumet
Wu Jian
Xom
Yredelemnul
The Shining One

Annotations:
D:6 exclusion: phantom

.... ##.....##.[ .
#...##........# ##
#.......[...... .?##
#........>..# ...W
#.....#### .....
##......#.#
....######..#......## ..
.....#.##.......Y...#
...
#.........<...@##.##..#
# #....................#
###............##.....##
##...#.......###....###
###.###..#...#......#
..........#........##
......##..#..####..##
.....####....#.#....#
.....# ##...........#


You could see an ice beast.


Message History

The searing ray hits the ice beast!
The ice beast is heavily wounded. (Press . to maintain the ray.)
The searing ray misses the ice beast.
The searing ray hits the ice beast.
The ice beast is severely wounded.
The ice beast hits you. The ice beast freezes you!
The searing ray hits the ice beast.
The ice beast is severely wounded.
You finish channelling your searing ray.
The ice beast closely misses you.
Casting: Searing Ray (safe; 1% risk of failure)
Confirm with . or Enter, or press ? or * to list all spells.
Aiming: Searing Ray (safe; 1% risk of failure)
Press: ? - help, Shift-Dir - straight line, f/p - ice beast
Aim: an ice beast (severely wounded, 82% to hit)
The searing ray hits the ice beast.
The ice beast is almost dead. (Press . to maintain the ray.)
The ice beast closely misses you.
The searing ray hits the ice beast but does no damage.
The ice beast is almost dead.
The ice beast hits you. The ice beast freezes you!
* * * LOW HITPOINT WARNING * * *
The searing ray hits the ice beast but does no damage.
The ice beast is severely wounded.
The ice beast hits you.
* * * LOW HITPOINT WARNING * * *
The ice beast freezes you!
You die...

Skill      XL: |  1  2  3  4  5  6 |
---------------+-------------------+-----
Fighting       | 1 |  1.0
Conjurations   | 6 7 8 9 |  9.2
Spellcasting   | 3 |  3.5
Dodging        | 3 |  3.0
Hexes          | 1 |  1.1
Stealth        | |  2.0

Action                   |  1- 3 |  4- 6 |  7- 9 || total
-------------------------+-------+-------+-------++-------
Melee: Dagger            |       |     8 |       ||     8
       Kick              |       |     4 |       ||     4
       Peck              |       |     4 |       ||     4
 Cast: Magic Dart        |    75 |    84 |     3 ||   162
       Searing Ray       |     1 |     9 |     3 ||    13
  Use: Scroll            |     3 |     6 |     1 ||    10
Armor: Robe              |     1 |       |       ||     1
Dodge: Dodged            |     1 |       |     2 ||     3

Levels and vault maps discovered:
D:1:      nzn_arrival_depleted_hourglass, layout_rooms,
          hellmonk_ecumenical_altar_pennies_from_heaven
D:2:      layout_basic, minivault_27, minmay_misc_feat_rugged,
          hangedman_decor_diamond_cutter, minmay_between
D:3:      layout_basic, mainiacjoe_overflow_alcove_1, fedhas_altar_3,
          led_sif_book, nicolae_ashenzari_panopticon
D:4:      layout_loops_ring, grunt_ministairs_2
D:5:      layout_cave_pools, minmay_temple_entry_oklob
D:6:      minmay_goblin_kobold_castle, layout_cave_pools,
          riverfiend_overflow_shadow_ancestor
Temple:   nicolae_temple_ecumenical_triangle

Notes
Turn   | Place    | Note
-------+----------+-------------------------------------------
     0 | D:1      | quinnr the Tengu Conjurer began the quest for the Orb.
     0 | D:1      | Reached XP level 1. HP: 10/10 MP: 4/4
    94 | D:1      | Found a faded altar of an unknown god.
   253 | D:1      | Reached XP level 2. HP: 16/16 MP: 3/6
   808 | D:2      | Reached skill level 1 in Fighting
   847 | D:2      | Reached XP level 3. HP: 20/20 MP: 3/7
   861 | D:2      | Reached skill level 6 in Conjurations
   897 | D:1      | Learned a level 2 spell: Searing Ray
  1192 | D:3      | Found a blossoming altar of Fedhas.
  2134 | D:3      | Reached XP level 4. HP: 25/25 MP: 6/8
  2244 | D:3      | Found a broken altar of Ashenzari.
  2674 | D:3      | Found a shimmering blue altar of Sif Muna.
  3006 | D:3      | Reached skill level 3 in Spellcasting
  3006 | D:3      | Reached skill level 7 in Conjurations
  3006 | D:3      | Gained mutation: Your magical nature lets you fly swiftly
                  | and evasively. [Tengu growth]
  3006 | D:3      | Reached XP level 5. HP: 29/29 MP: 7/10
  3013 | D:3      | Got Sif Muna's Meditations on the Voyage
  3307 | D:3      | Found a sparkling altar of Nemelex Xobeh.
  3619 | D:5      | Entered Level 5 of the Dungeon
  3640 | D:5      | Noticed an ogre
  3653 | D:5      | Killed an ogre
  3654 | D:5      | Reached skill level 8 in Conjurations
  3724 | D:5      | Learned a level 3 spell: Dazzling Flash
  3741 | D:5      | Found a staircase to the Ecumenical Temple.
  3795 | D:5      | Reached XP level 6. HP: 34/34 MP: 4/11
  3797 | Temple   | Entered the Ecumenical Temple
  3857 | Temple   | Became a worshipper of Vehumet
  5100 | D:5      | Reached skill level 3 in Dodging
  5100 | D:5      | Reached skill level 9 in Conjurations
  5100 | D:5      | Reached skill level 1 in Hexes
  5100 | D:5      | Reached XP level 7. HP: 38/38 MP: 2/13
  5315 | D:5      | Learned a level 4 spell: Fulminant Prism
  5630 | D:6      | Mangled by an ice beast

Vanquished Creatures
  An ogre (D:5)
  A scorpion (D:5)
  An oklob sapling (D:5)
  A howler monkey (D:4)
  A hound (D:5)
  An iguana (D:4)
  2 orc wizards (D:3)
  4 gnolls (D:4)
  3 adders
  3 dart slugs
  An orc (D:3)
  4 endoplasms
  4 giant cockroaches
  7 goblins
  A hobgoblin (D:2)
  3 jackals (D:1)
  6 quokkas
  11 ball pythons
  9 bats
  4 frilled lizards
  7 kobolds
  11 rats
86 creatures vanquished.

Vanquished Creatures (others)
  2 fungi (D:3)
  3 plants
5 creatures vanquished.

Grand Total: 91 creatures vanquished

Table legend: (Time is in decaauts)
 A = Elapsed time spent in this place.
 B = Non-inter-level travel time spent in this place.
 C = Inter-level travel time spent in this place.
 D = Time resting spent in this place.
 E = Time spent auto-exploring this place.
 F = Levels seen in this place.
 G = Mean time per level.
                   A        B        C        D        E       F      G
               +--------+--------+--------+--------+--------+-----+--------+
         Total |   5471 |   5257 |    214 |    571 |   4044 |   7 |  781.6 |
       Dungeon |   5376 |   5179 |    197 |    571 |   3975 |   6 |  896.0 |
        Temple |     95 |     79 |     16 |      0 |     69 |   1 |   95.0 |
               +--------+--------+--------+--------+--------+-----+--------+

Top non-repeatable levels by time:
     D:3: 1479 daAuts
     D:2: 1221 daAuts
     D:4: 1111 daAuts
     D:1: 880 daAuts
     D:5: 592 daAuts
  Temple: 95 daAuts
     D:6: 91 daAuts

Table legend:
 A = Non-vault XP
 B = Vault XP
 C = Vault XP percentage of total XP
 D = Non-vault monster count
 E = Vault monster count
 F = Vault count percentage of total count
                 A         B        C        D         E       F
            +---------+---------+-------+---------+---------+-------
      Total |     536 |     152 |  22.1 |      78 |       8 |   9.3
            +---------+---------+-------+---------+---------+-------
        D:1 |      26 |       0 |   0.0 |      19 |       0 |   0.0
        D:2 |      50 |       4 |   7.4 |      23 |       3 |  11.5
        D:3 |      25 |      68 |  73.1 |      16 |       2 |  11.1
        D:4 |     173 |      15 |   8.0 |      14 |       2 |  12.5
        D:5 |     262 |      65 |  19.9 |       6 |       1 |  14.3
            +---------+---------+-------+---------+---------+-------
